ITL
UTICA UNICORNS @ PORTLAND PRIVATEERS
09/21/2029
 
TOP OF THE 1ST
Utica Unicorns batting - Pitching for Portland Privateers : RHP Cade Baird
Pitching: RHP Cade Baird
Batting: LHB Jesús Raugel 0-0: Foul Ball, location: 2F
0-1: Called Strike
0-2: Ball
1-2: Strikes out swinging
Batting: LHB Raúl Morales 0-0: Called Strike
0-1: Swinging Strike
0-2: Ball
1-2: Foul Ball, location: 2F
1-2: Strikes out swinging
Batting: RHB Doug Brown 0-0: DOUBLE (Groundball, 5L)
Batting: RHB Kenny Cole 0-0: Called Strike
0-1: Swinging Strike
0-2: Strikes out looking
Top of the 1st over - 0 runs, 1 hit, 0 errors, 1 left on base; Utica 0 - Portland 0
BOTTOM OF THE 1ST
Portland Privateers batting - Pitching for Utica Unicorns : LHP José Mercado
Pitching: LHP José Mercado
Batting: RHB José Balina 0-0: Fly out, F9 (Line Drive, 9S)
Batting: RHB Dick Slagboom 0-0: Ball
1-0: Ball
2-0: Ball
3-0: Called Strike
3-1: Base on Balls
Batting: LHB Carter Sweet 0-0: Ball
1-0: 2-RUN HOME RUN (Line Drive, 89XD), Distance : 401 ft
Batting: SHB Jacob Knapp 0-0: Ground out U3 (Groundball, 34)
Batting: LHB Dillon Beck 0-0: Called Strike
0-1: Ball
1-1: SINGLE (Groundball, 34S) (infield hit)
Batting: SHB Cory Campbell 0-0: Called Strike
0-1: Ball
1-1: Fielders Choice at 2nd, 5-4 (Groundball, 5L)
Bottom of the 1st over - 2 runs, 2 hits, 0 errors, 1 left on base; Utica 0 - Portland 2
TOP OF THE 2ND
Utica Unicorns batting - Pitching for Portland Privateers : RHP Cade Baird
Batting: LHB Will Vale 0-0: Ball
1-0: Ground out 4-3 (Groundball, 34D)
Batting: RHB Micheal Banks 0-0: Ball
1-0: Called Strike
1-1: Called Strike
1-2: Ball
2-2: Strikes out swinging
Batting: RHB António Magana 0-0: Ball
1-0: Ball
2-0: Ball
3-0: Base on Balls
Batting: RHB Juan Caceres 0-0: Ball
1-0: Called Strike
1-1: Ball
2-1: SINGLE (Line Drive, 4MD)
António Magana to second
Batting: RHB Gabriel Stout 0-0: Ball
1-0: Ball
2-0: Ball
3-0: Base on Balls
António Magana to third
Juan Caceres to second
Batting: LHB Jesús Raugel 0-0: Ball
1-0: Foul Ball, location: 2F
1-1: Foul Ball, location: 2F
1-2: Fly out, F8 (Flyball, 8RD)
Top of the 2nd over - 0 runs, 1 hit, 0 errors, 3 left on base; Utica 0 - Portland 2
BOTTOM OF THE 2ND
Portland Privateers batting - Pitching for Utica Unicorns : LHP José Mercado
Batting: RHB Joe Bailey 0-0: Called Strike
0-1: Swinging Strike
0-2: Strikes out swinging
Batting: LHB Arturo López 0-0: DOUBLE (Line Drive, 5D)
Batting: RHB Ramiro Gámez 0-0: Ball
1-0: Called Strike
1-1: Foul Ball, location: 2F
1-2: Ball
2-2: Strikes out swinging
Batting: RHB José Balina 0-0: Foul Ball, location: 2F
0-1: Fly out, F9 (Flyball, 9LS)
Bottom of the 2nd over - 0 runs, 1 hit, 0 errors, 1 left on base; Utica 0 - Portland 2
TOP OF THE 3RD
Utica Unicorns batting - Pitching for Portland Privateers : RHP Cade Baird
Batting: LHB Raúl Morales 0-0: Called Strike
0-1: Called Strike
0-2: Ball
1-2: Strikes out swinging
Batting: RHB Doug Brown 0-0: SINGLE (Line Drive, 34)
Batting: RHB Kenny Cole 0-0: Ball
Passed Ball!
Doug Brown to second
1-0: Ball
2-0: Ball
3-0: Base on Balls
Batting: LHB Will Vale 0-0: Called Strike
0-1: Swinging Strike
0-2: Strikes out swinging
Batting: RHB Micheal Banks 0-0: Called Strike
0-1: Ball
1-1: Foul Ball, location: 2F
1-2: Fly out, F8 (Flyball, 8LM)
Top of the 3rd over - 0 runs, 1 hit, 0 errors, 2 left on base; Utica 0 - Portland 2
BOTTOM OF THE 3RD
Portland Privateers batting - Pitching for Utica Unicorns : LHP José Mercado
Batting: RHB Dick Slagboom 0-0: Called Strike
0-1: Foul Ball, location: 2F
0-2: Ball
1-2: Ball
2-2: Ball
3-2: Ground out 4-3 (Groundball, 6MS)
Batting: LHB Carter Sweet 0-0: Ball
1-0: Foul Ball, location: 2F
1-1: Ball
2-1: Foul Ball, location: 2F
2-2: Strikes out swinging
Batting: SHB Jacob Knapp 0-0: Ball
1-0: Ball
2-0: Ball
3-0: Base on Balls
Batting: LHB Dillon Beck 0-0: Called Strike
0-1: DOUBLE (Flyball, 89XD)
Jacob Knapp to third
Runner from 3rd tries for Home, SAFE, throw made at trailing runner, OUT at third!
Bottom of the 3rd over - 1 run, 1 hit, 0 errors, 0 left on base; Utica 0 - Portland 3
TOP OF THE 4TH
Utica Unicorns batting - Pitching for Portland Privateers : RHP Cade Baird
Now in LF: Edward Holloway
Batting: RHB António Magana 0-0: Called Strike
0-1: Swinging Strike
0-2: Ball
1-2: Ball
2-2: Ground out 5-3 (Groundball, 56S)
Batting: RHB Juan Caceres 0-0: Called Strike
0-1: Foul Ball, location: 2F
0-2: Strikes out swinging
Batting: RHB Gabriel Stout 0-0: Ball
1-0: Hit by Pitch
Batting: LHB Jesús Raugel 0-0: Swinging Strike
0-1: Ball
1-1: Ball
2-1: Foul Ball, location: 2F
2-2: Strikes out swinging
Top of the 4th over - 0 runs, 0 hits, 0 errors, 1 left on base; Utica 0 - Portland 3
BOTTOM OF THE 4TH
Portland Privateers batting - Pitching for Utica Unicorns : LHP José Mercado
Batting: SHB Cory Campbell 0-0: Ball
1-0: Called Strike
1-1: Ball
2-1: Foul Ball, location: 2F
2-2: Ball
3-2: Ground out 1-3 (Groundball, 13)
Batting: RHB Joe Bailey 0-0: Ball
1-0: Ground out 4-3 (Groundball, 4)
Batting: LHB Arturo López 0-0: Foul Ball, location: 2F
0-1: Ball
1-1: Foul Ball, location: 2F
1-2: Ground out U3 (Groundball, 3)
Bottom of the 4th over - 0 runs, 0 hits, 0 errors, 0 left on base; Utica 0 - Portland 3
TOP OF THE 5TH
Utica Unicorns batting - Pitching for Portland Privateers : RHP Cade Baird
Batting: LHB Raúl Morales 0-0: Ball
1-0: Called Strike
1-1: Ball
2-1: Foul Ball, location: 2F
2-2: Strikes out swinging
Batting: RHB Doug Brown 0-0: Called Strike
0-1: Ball
1-1: Ball
2-1: Ball
3-1: DOUBLE (Line Drive, 89XD)
Pitching: LHP Jaime Ayala
Batting: RHB Kenny Cole 0-0: Ball
1-0: Ball
2-0: Ball
3-0: Base on Balls
Batting: LHB Will Vale 0-0: Ball
1-0: Foul Ball, location: 2F
1-1: Ball
2-1: Ball
3-1: Base on Balls
Doug Brown to third
Kenny Cole to second
Batting: RHB Micheal Banks 0-0: Called Strike
0-1: Called Strike
0-2: Ball
1-2: Foul Ball, location: 2F
1-2: Foul Ball, location: 2F
1-2: Ball
2-2: Strikes out swinging
Batting: RHB António Magana 0-0: Swinging Strike
0-1: Foul Ball, location: 2F
0-2: Ball
1-2: Fly out, F9 (Flyball, 9)
Top of the 5th over - 0 runs, 1 hit, 0 errors, 3 left on base; Utica 0 - Portland 3
BOTTOM OF THE 5TH
Portland Privateers batting - Pitching for Utica Unicorns : LHP José Mercado
Batting: RHB Ramiro Gámez 0-0: Swinging Strike
0-1: Called Strike
0-2: Strikes out swinging
Batting: RHB José Balina 0-0: Called Strike
0-1: Ball
1-1: Called Strike
1-2: Ball
2-2: Ground out 5-3 (Groundball, 56S)
Batting: RHB Dick Slagboom 0-0: Foul Ball, location: 2F
0-1: Foul Ball, location: 2F
0-2: Foul Ball, location: 2F
0-2: Ball
1-2: Ball
2-2: Foul Ball, location: 2F
2-2: Fly out, F5 (Popup, 56S)
Bottom of the 5th over - 0 runs, 0 hits, 0 errors, 0 left on base; Utica 0 - Portland 3
TOP OF THE 6TH
Utica Unicorns batting - Pitching for Portland Privateers : LHP Jaime Ayala
Batting: RHB Juan Caceres 0-0: Ball
1-0: Called Strike
1-1: Ball
2-1: Ball
3-1: Fly out, F5 (Line Drive, 5S)
Batting: RHB Gabriel Stout 0-0: Ball
1-0: Ground out 6-3 (Groundball, 6)
Batting: LHB Jesús Raugel 0-0: Ball
1-0: Fly out, F8 (Flyball, 89D)
Top of the 6th over - 0 runs, 0 hits, 0 errors, 0 left on base; Utica 0 - Portland 3
BOTTOM OF THE 6TH
Portland Privateers batting - Pitching for Utica Unicorns : LHP José Mercado
Batting: LHB Carter Sweet 0-0: Ball
1-0: Foul Ball, location: 2F
1-1: Fly out, F8 (Flyball, 89D)
Batting: SHB Jacob Knapp 0-0: Ball
1-0: Ball
2-0: Called Strike
2-1: Ground out 5-3 (Groundball, 56)
Batting: RHB Edward Holloway 0-0: Ball
1-0: Swinging Strike
1-1: Swinging Strike
1-2: Strikes out swinging
Bottom of the 6th over - 0 runs, 0 hits, 0 errors, 0 left on base; Utica 0 - Portland 3
TOP OF THE 7TH
Utica Unicorns batting - Pitching for Portland Privateers : LHP Jaime Ayala
Batting: LHB Raúl Morales 0-0: SINGLE (Groundball, 4D)
Batting: RHB Doug Brown 0-0: Ball
1-0: Foul Ball, location: 2F
1-1: Grounds into double play, 6-4-3 (Groundball, 6)
Batting: RHB Kenny Cole 0-0: Ball
1-0: Ball
2-0: Ball
3-0: Called Strike
3-1: Called Strike
3-2: Base on Balls
Batting: LHB Will Vale 0-0: Called Strike
0-1: Ground out 4-3 (Groundball, 34D)
Top of the 7th over - 0 runs, 1 hit, 0 errors, 1 left on base; Utica 0 - Portland 3
BOTTOM OF THE 7TH
Portland Privateers batting - Pitching for Utica Unicorns : LHP José Mercado
Batting: SHB Cory Campbell 0-0: Ball
1-0: Ball
2-0: Called Strike
2-1: Ground out 3-1 (Groundball, 34S)
Batting: RHB Joe Bailey 0-0: Ball
1-0: Foul Ball, location: 2F
1-1: Called Strike
1-2: Strikes out swinging
Batting: LHB Arturo López 0-0: Ground out 4-3 (Groundball, 4)
Bottom of the 7th over - 0 runs, 0 hits, 0 errors, 0 left on base; Utica 0 - Portland 3
TOP OF THE 8TH
Utica Unicorns batting - Pitching for Portland Privateers : RHP Dan Ford
Pitching: RHP Dan Ford
Batting: RHB Micheal Banks 0-0: Ball
1-0: Ball
2-0: Called Strike
2-1: Ball
3-1: Called Strike
3-2: Base on Balls
Batting: RHB António Magana 0-0: Fly out, F8 (Flyball, 8RD)
Batting: RHB Juan Caceres 0-0: Ball
1-0: Ball
2-0: DOUBLE (Line Drive, 9LM)
Micheal Banks to third
Batting: RHB Gabriel Stout 0-0: Called Strike
0-1: SINGLE (Groundball, 4M) (infield hit)
Micheal Banks scores
Juan Caceres to third
Batting: LHB Jesús Raugel 0-0: Ball
1-0: Called Strike
1-1: Ball
2-1: Called Strike
2-2: SINGLE (Groundball, 56D)
Juan Caceres scores
Gabriel Stout to second
Batting: LHB Raúl Morales 0-0: Bunted foul
0-1: Bunted foul
0-2: Ball
1-2: Ball
2-2: Foul Ball, location: 2F
2-2: Fielders Choice at 2nd, 6-4 (Groundball, 6)
Gabriel Stout to third
Batting: RHB Doug Brown 0-0: Foul Ball, location: 2F
0-1: Ball
1-1: Ball
2-1: Ball
3-1: Foul Ball, location: 2F
3-2: Strikes out swinging
Top of the 8th over - 2 runs, 3 hits, 0 errors, 2 left on base; Utica 2 - Portland 3
BOTTOM OF THE 8TH
Portland Privateers batting - Pitching for Utica Unicorns : LHP José Mercado
Batting: RHB Ramiro Gámez 0-0: Foul Ball, location: 2F
0-1: Ground out 5-3 (Groundball, 5S)
Batting: RHB José Balina 0-0: Fly out, F9 (Flyball, 9S)
Batting: RHB Dick Slagboom 0-0: Ball
1-0: Ball
2-0: Swinging Strike
2-1: Foul Ball, location: 2F
2-2: Ball
3-2: Base on Balls
Batting: LHB Carter Sweet 0-0: Swinging Strike
0-1: Ball
1-1: Ball
2-1: Ball
3-1: Base on Balls
Dick Slagboom to second
Pitching: RHP Mario González
Batting: SHB Jacob Knapp 0-0: Called Strike
0-1: Ball
1-1: Called Strike
1-2: Ground out 4-3 (Groundball, 4MD)
Bottom of the 8th over - 0 runs, 0 hits, 0 errors, 2 left on base; Utica 2 - Portland 3
TOP OF THE 9TH
Utica Unicorns batting - Pitching for Portland Privateers : RHP Dan Ford
Pitching: RHP Ricardo Ontiveros
Batting: RHB Kenny Cole 0-0: SINGLE (Groundball, 5D)
Batting: LHB Will Vale 0-0: Called Strike
0-1: Ball
1-1: Called Strike
1-2: Foul Ball, location: 2F
1-2: Ball
2-2: Strikes out swinging
Pinch Hitting: LHB Mitchell Oglethorpe 0-0: Ball
1-0: Called Strike
1-1: Foul Ball, location: 2F
1-2: Ball
2-2: Grounds into double play, U4-3 (Groundball, 6M)
Top of the 9th over - 0 runs, 1 hit, 0 errors, 0 left on base; Utica 2 - Portland 3
Saturday, December 16th, 2017 - OOTP Baseball 18.8 Build 76